 Dungeon Crawl Stone Soup version 0.21.0-3-g78d12a8 (webtiles) character file.

63613 JeffiDaFish the Spry (level 14, -1/129 HPs)
             Began as a Minotaur Fighter on Jan 12, 2018.
             Was the Champion of Okawaru.
             Slain by an ettin
             ... wielding a +0 dire flail
              (28 damage)
             ... on level 11 of the Dungeon.
             The game lasted 00:43:44 (18753 turns).

JeffiDaFish the Spry (Minotaur Fighter)            Turns: 18753, Time: 00:43:45

Health: -1/129     AC: 29    Str: 28    XL:     14   Next: 68%
Magic:  22/22      EV: 23    Int:  5    God:    Okawaru [******]
Gold:   1679       SH:  0    Dex: 25    Spells: 13/13 levels left

rFire    + . .     SeeInvis +   a - +12 battleaxe "Ybob" {protect, rElec Str+4 Dex+3, Axewald the Axe}
rCold    + . .     Gourm    .   (shield currently unavailable)
rNeg     . . .     Faith    .   m - +4 chain mail {rF+}
rPois    .         Spirit   .   A - +2 hat {MR+}
rElec    +         Reflect  .   i - scarf {cloud immunity}
rCorr    .         Harm     .   G - +0 pair of fencer's gloves {+Riposte Dex+3}
MR       ++...                  z - +0 pair of boots
Stlth    ..........             (no amulet)
HPRegen  0.31/turn              y - +3 ring of strength
MPRegen  0.18/turn              t - ring of Roefuuf {rC+ MP+9 Dex+4 SInv}

@: protection aura
A: retaliatory headbutt, claws 1, horns 2, talons 2
a: Heroism, Finesse, Renounce Religion


You were on level 11 of the Dungeon.
You worshipped Okawaru.
Okawaru was exalted by your worship.
You were not hungry.

You visited 3 branches of the dungeon, and saw 18 of its levels.
You also visited: Labyrinth and Ice Cave.

You collected 1826 gold pieces.
You spent 147 gold pieces at shops.

Inventory:

Hand Weapons
 a - the +12 battleaxe "Ybob" (weapon) {protect, rElec Str+4 Dex+3, Axewald the Axe}
   (You acquired it in an ice cave)

   It protects the one who uses it against injury (+AC on strike).
   It affects your strength (+4).
   It affects your dexterity (+3).
   It insulates you from electricity.
 v - a +2 war axe of flaming
Armour
 i - a scarf of cloud immunity (worn)
 m - a +4 chain mail of fire resistance (worn)
 z - a +0 pair of boots (worn)
 A - a +2 hat of magic resistance (worn)
 G - the +0 pair of fencer's gloves (worn) {+Riposte Dex+3}
   (You found it in a labyrinth)

   It affects your dexterity (+3).
Jewellery
 o - an uncursed ring of protection from fire
 t - the ring of Roefuuf (right hand) {rC+ MP+9 Dex+4 SInv}
   (You acquired it on level 11 of the Dungeon)

   [ring of magical power]

   It affects your dexterity (+4).
   It protects you from cold.
   It affects your magic capacity (+9).
   It lets you see invisible.
 w - an uncursed ring of protection from cold
 y - a +3 ring of strength (left hand)
 B - an uncursed ring of poison resistance
Wands
 x - a wand of iceblast (18)
Scrolls
 b - 5 scrolls of teleportation
 c - 10 scrolls of remove curse
 h - 6 scrolls of identify
 l - 4 scrolls of magic mapping
 p - a scroll of enchant weapon
 s - 5 scrolls of amnesia
 u - 3 scrolls of fog
Potions
 d - 2 potions of might
 g - a potion of flight
 j - 3 potions of heal wounds
 n - 6 potions of curing
 q - 2 potions of haste
Books
 C - Sif Muna's Easy Spellcraft
   (You found it on level 11 of the Dungeon)

   Spells                             Type                      Level
   a - Ozocubu's Armour               Charms/Ice                   3
   b - Ignite Poison                  Fire/Transmutation/Poison    3
   c - Confuse                        Hexes                        3
   d - Portal Projectile              Hexes/Translocation          3
   e - Spider Form                    Transmutation/Poison         3
Comestibles
 f - 42 rations
 r - 12 chunks of flesh


   Skills:
 + Level 13.4 Fighting
 * Level 13.9 Axes
 + Level 13.3 Armour
 + Level 15.6 Dodging
 - Level 0.2 Stealth
   Level 11.6 Shields


You had 13 spell levels left.
You didn't know any spells.

Dungeon Overview and Level Annotations

Branches:
Dungeon (11/15)            Temple (1/1) D:5            Lair (6/6) D:8
  Swamp (0/4) Lair:4       Spider (0/4) Lair:2        Slime (0/5) Lair:5
    Orc (0/2) D:10

Altars:
Ashenzari
Cheibriados
Dithmenos
Elyvilon
Fedhas
Gozag
Hepliaklqana
Kikubaaqudgha
Makhleb
Nemelex Xobeh
Okawaru
Qazlal
Ru
Sif Muna
Trog
Uskayaw
Vehumet
Wu Jian
Xom
Yredelemnul
Zin
The Shining One
Beogh

Shops:
D:8 *   D:9 (

Annotations:
Lair:2 exclusions: ice statue and oklob plant


Innate Abilities, Weirdness & Mutations

You reflexively headbutt those who attack you in melee.
You have a pair of horns on your head.
You have sharp fingernails.
You have razor-sharp toenails.


Message History

You headbutt the cyclops.
Unknown command.
You slash the cyclops!
You kill the cyclops!
Okawaru accepts your kill.
You slash the ettin! The ettin closely misses you.
You riposte.
You slice the ettin!! You headbutt the ettin.
The ettin is severely wounded.
The ettin misses you.
You hit the ettin but do no damage.
You headbutt the ettin, but do no damage.
The ettin is severely wounded.
The ettin hits you with a dire flail!! x2
* * * LOW HITPOINT WARNING * * *
A frost giant comes into view. It is wielding a battleaxe of freezing.
You see here 3 large rocks.
You slash the ettin!
The ettin is almost dead.
The ettin hits you with a dire flail!!
You die...

####### ##########
###
......(####..(((...#
...
..C...(C@.'........+
...
......(####...(....#
... .......
####(##### ...
....... #(##########
....... #(..........
....... ############
####### ########
##≈≈≈≈≈≈≈ ###
##..≈≈≈≈≈≈


You could see a frost giant and an ettin.

Vanquished Creatures
  A frost giant (D:11)
  The ghost of isock the Spear-Bearer, a journeyman GnWn of Hepliaklqana (Lair:4)
  A minotaur (Lab)
  3 fire dragons
  The ghost of chakani the Grappler, a journeyman TrWr of Okawaru (D:11)
  An ogre mage (D:10)
  5 hydras
  2 two-headed ogres
  3 death yaks (Lair:6)
  2 tengu warriors (D:11)
  A skeletal warrior (D:10)
  A lindwurm (shapeshifter) (D:10)
  A swamp dragon (Lair:6)
  2 lindwurms (Lair:6)
  An oklob plant (Lair:6)
  A wolf spider (Lair:2)
  4 ugly things
  A centaur zombie (D:11)
  15 cyclopes
  5 elephants (Lair:3)
  2 black mambas
  Psyche (D:8)
  13 spiny frogs
  5 torpor snails (Lair:6)
  3 ice statues (IceCv)
  3 rime drakes
  7 komodo dragons
  An efreet (D:10)
  9 hornets
  2 trolls
  A polar bear (Lair:5)
  3 slime creatures
  3 tyrant leeches (Lair:6)
  A meliai zombie (D:11)
  13 blink frogs
  7 hippogriffs
  A shadow (D:10)
  31 yaks
  5 wyverns
  2 basilisks
  4 hungry ghosts
  A steam dragon (Lair:6)
  2 wargs (D:11)
  Edmund (D:4)
  3 acid dragons (Lair:6)
  14 water moccasins
  13 porcupines
  2 swamp drakes (Lair:6)
  2 orc warriors
  2 black bears
  10 ice beasts
  4 sky beasts
  3 necrophages (D:10)
  A phantom (D:9)
  2 eyes of draining
  5 centaurs
  9 ogres
  The ghost of anacleto the Firebug, an amateur DrFE (D:3)
  24 wolves
  13 crocodiles
  A big kobold (D:10)
  8 bullfrogs
  5 scorpions
  4 killer bees (D:9)
  6 wights (D:10)
  A howler monkey (D:6)
  3 electric eels
  3 crimson imps
  2 bullfrog zombies
  A quasit (D:7)
  An iron imp (D:9)
  5 orc priests
  8 jellies
  A bullfrog skeleton (D:7)
  3 hounds
  2 centaur skeletons
  Natasha (thrice) (D:2)
  4 iguanas
  12 orc wizards
  12 worker ants
  A mummy (D:10)
  2 worker ant zombies
  A howler monkey skeleton (D:8)
  12 adders
  2 shadow imps
  A white imp (Lair:2)
  A worker ant simulacrum (D:10)
  5 oozes
  An adder skeleton (D:7)
  5 worms
  2 dart slugs (D:1)
  7 leopard geckos
  43 orcs
  6 giant cockroaches
  5 goblins (D:1)
  9 hobgoblins
  17 jackals
  13 kobolds
  5 quokkas
  14 bats
  6 frilled lizards
  A hobgoblin zombie (D:9)
  A jackal skeleton (D:4)
  2 kobold skeletons (D:9)
  2 kobold zombies (D:9)
  A quokka zombie (D:5)
  6 rats
  A spectral orc (D:6)
  A fungus (Lair:6)
  5 plants
544 creatures vanquished.

Vanquished Creatures (others)
  A hound skeleton (D:10)
  An adder (D:8)
  An orc (D:10)
  8 fungi
  4 plants
  A withered plant (D:10)
16 creatures vanquished.

Grand Total: 560 creatures vanquished

Notes
Turn   | Place    | Note
-------+----------+-------------------------------------------
     0 | D:1      | JeffiDaFish the Minotaur Fighter began the quest for the Orb.
     0 | D:1      | Reached XP level 1. HP: 19/19 MP: 0/0
    53 | D:1      | Reached XP level 2. HP: 27/27 MP: 1/1
   218 | D:1      | Reached XP level 3. HP: 33/33 MP: 2/2
   704 | D:2      | Reached XP level 4. HP: 40/40 MP: 3/3
   973 | D:2      | Noticed Natasha
   980 | D:2      | Killed Natasha
   980 | D:2      | Reached skill level 1 in Dodging
  1109 | D:2      | Noticed Natasha
  1116 | D:2      | Killed Natasha
  1116 | D:2      | Reached XP level 5. HP: 42/47 MP: 4/4
  1186 | D:2      | Noticed Natasha
  1197 | D:2      | Killed Natasha
  1557 | D:3      | Reached skill level 2 in Dodging
  1599 | D:3      | Noticed anacleto's ghost (amateur DrFE)
  1614 | D:3      | Killed anacleto's ghost
  1628 | D:3      | Reached XP level 6. HP: 46/53 MP: 5/5
  1636 | D:3      | Reached skill level 5 in Shields
  2202 | D:4      | Reached skill level 3 in Dodging
  2348 | D:4      | Reached skill level 5 in Armour
  2356 | D:4      | Reached skill level 5 in Fighting
  2379 | D:4      | Noticed Edmund
  2390 | D:4      | Killed Edmund
  2390 | D:4      | Reached XP level 7. HP: 53/61 MP: 6/6
  2422 | D:4      | Reached skill level 4 in Dodging
  3258 | D:4      | Found a deep blue altar of Sif Muna.
  3263 | D:4      | Reached skill level 5 in Axes
  3448 | D:5      | Entered Level 5 of the Dungeon
  3487 | D:5      | Found an ancient bone altar of Kikubaaqudgha.
  3487 | D:5      | Found an opulent altar of Gozag.
  3579 | D:5      | Reached skill level 5 in Dodging
  3694 | D:5      | Reached XP level 8. HP: 70/70 MP: 7/7
  3870 | D:5      | Found a staircase to the Ecumenical Temple.
  3876 | Temple   | Entered the Ecumenical Temple
  4123 | Temple   | Became a worshipper of Warmaster Okawaru
  4752 | D:6      | Identified a scroll of acquirement
  5197 | D:6      | Reached skill level 6 in Dodging
  5970 | D:6      | Found a basalt altar of Yredelemnul.
  6265 | D:7      | Reached * piety under Okawaru
  6312 | D:7      | Reached XP level 9. HP: 78/78 MP: 8/8
  6404 | D:7      | Reached skill level 7 in Dodging
  6444 | D:7      | Found a deep blue altar of Sif Muna.
  6679 | D:8      | Reached ** piety under Okawaru
  6855 | D:8      | Found a staircase to the Lair.
  6980 | D:8      | Noticed Psyche
  7305 | D:8      | Found Rasain's Assorted Antiques.
  7345 | D:8      | Bought a scroll labeled QAMIRAQOSH for 21 gold pieces
  7345 | D:8      | Bought a potion of heal wounds for 105 gold pieces
  7345 | D:8      | Bought a scroll labeled QAMIRAQOSH for 21 gold pieces
  7453 | D:8      | Found a burning altar of Makhleb.
  7676 | D:8      | Killed Psyche
  7676 | D:8      | Reached skill level 8 in Dodging
  7991 | Lair:1   | Entered Level 1 of the Lair of Beasts
  8008 | Lair:1   | Reached *** piety under Okawaru
  8016 | Lair:1   | Reached XP level 10. HP: 45/88 MP: 9/9
  8025 | Lair:1   | Reached skill level 9 in Dodging
  8221 | Lair:1   | Reached **** piety under Okawaru
  8549 | Lair:1   | Noticed a black mamba
  8564 | Lair:1   | Killed a black mamba
  9362 | Lair:2   | Reached skill level 10 in Dodging
  9364 | Lair:2   | Noticed a wolf spider
  9377 | Lair:2   | Killed a wolf spider
  9513 | Lair:2   | Reached ***** piety under Okawaru
  9544 | Lair:2   | Reached XP level 11. HP: 87/97 MP: 10/10
  9547 | Lair:2   | Received a gift from Okawaru
  9802 | Lair:2   | Found a hole to the Spider Nest.
  9944 | Lair:2   | Received a gift from Okawaru
  9986 | Lair:2   | You fall through a shaft!
 10020 | Lair:3   | Noticed a five-headed hydra
 10028 | Lair:3   | Killed a one-headed hydra
 10028 | Lair:3   | Reached skill level 11 in Dodging
 10645 | Lair:2   | Noticed an oklob plant
 10820 | Lair:3   | Reached skill level 10 in Fighting
 10820 | Lair:3   | Reached skill level 10 in Shields
 11166 | Lair:3   | Reached skill level 10 in Armour
 11700 | Lair:4   | Reached skill level 10 in Axes
 11700 | Lair:4   | Reached skill level 12 in Dodging
 11718 | Lair:4   | Reached XP level 12. HP: 107/107 MP: 11/11
 11807 | Lair:4   | Found a staircase to the Swamp.
 12020 | Lair:4   | Noticed isock's ghost (journeyman GnWn)
 12036 | Lair:4   | Killed isock's ghost
 12117 | Lair:4   | Reached ****** piety under Okawaru
 12145 | Lair:4   | Gained mutation: You have sharp toenails. [potion of mutation]
 12145 | Lair:4   | Gained mutation: You have razor-sharp toenails. [potion of mutation]
 12145 | Lair:4   | Gained mutation: You have sharp fingernails. [potion of mutation]
 12243 | Lair:4   | Received a gift from Okawaru
 12620 | Lair:5   | Found a labyrinth entrance.
 12630 | Lab      | Entered a labyrinth
 12686 | Lab      | Noticed a minotaur
 12696 | Lab      | Killed a minotaur
 12700 | Lab      | Found the +8 demon blade "Bloodbane" {slice, *Rage +Rage Stlth-}
 12700 | Lab      | Found the +0 pair of fencer's gloves {+Riposte Dex+3}
 12701 | Lab      | Got a heavily runed chain mail
 12747 | Lab      | Identified the +5 chain mail of Cieqe {-Tele Str+8} (You found it in a labyrinth)
 12856 | Lair:5   | Found a staircase to the Slime Pits.
 12876 | Lair:5   | Noticed a six-headed hydra
 12883 | Lair:5   | Killed a two-headed hydra
 12947 | Lair:5   | Got a dazzling flail
 12948 | Lair:5   | Identified the cursed +0 flail of Dissolution {crush, +Fly MR+ Str-4 Int+7} (You found it on level 5 of the Lair of Beasts)
 13038 | Lair:5   | Reached skill level 13 in Dodging
 13738 | Lair:6   | Entered Level 6 of the Lair of Beasts
 13738 | Lair:6   | Found a frozen archway.
 13738 | Lair:6   | Noticed a six-headed hydra
 13744 | Lair:6   | Noticed a death yak
 13747 | Lair:6   | Killed a two-headed hydra
 13751 | Lair:6   | Noticed a death yak
 13752 | Lair:6   | Noticed a death yak
 13755 | Lair:6   | Killed a death yak
 13764 | Lair:6   | Reached XP level 13. HP: 54/116 MP: 12/12
 13981 | IceCv    | Entered an ice cave
 13987 | IceCv    | Received a gift from Okawaru
 14534 | IceCv    | Got a crystal battleaxe
 14540 | IceCv    | Identified the +12 battleaxe "Ybob" {protect, rElec Str+4 Dex+3} (You acquired it in an ice cave)
 14615 | Lair:6   | Reached skill level 14 in Dodging
 14655 | Lair:6   | Found an ornate altar of the Wu Jian Council.
 14690 | Lair:6   | Found a runed door.
 14717 | Lair:6   | Paralysed by a hornet for 2 turns
 15563 | Lair:6   | Noticed a fire dragon
 15574 | Lair:6   | Killed a fire dragon
 16100 | Lair:6   | Noticed a fire dragon
 16104 | Lair:6   | Killed a fire dragon
 16104 | Lair:6   | Received a gift from Okawaru
 16404 | D:9      | Found Ustran's Antique Weapon Shoppe.
 16467 | D:9      | Found a glowing golden altar of the Shining One.
 16834 | D:10     | Entered Level 10 of the Dungeon
 16856 | D:10     | Reached skill level 15 in Dodging
 17239 | D:10     | Noticed a fire dragon
 17241 | D:10     | Reached XP level 14. HP: 127/127 MP: 13/13
 17308 | D:10     | Got a sparkling gossamer ring
 17330 | D:10     | Found a staircase to the Orcish Mines.
 17705 | D:10     | Identified the cursed ring "Ceuve" {rPois Str-5 Stlth+} (You found it on level 10 of the Dungeon)
 17814 | D:10     | Found a roughly hewn altar of Beogh.
 18052 | D:11     | Noticed chakani's ghost (journeyman TrWr)
 18060 | D:11     | Killed chakani's ghost
 18128 | D:11     | Found a runed door.
 18177 | D:11     | Received a gift from Okawaru
 18212 | D:11     | Noticed a frost giant
 18225 | D:11     | Killed a frost giant
 18237 | D:11     | Identified Sif Muna's Easy Spellcraft
 18429 | D:11     | Got a wavering golden ring
 18432 | D:11     | Identified the ring of Roefuuf {rC+ MP+9 Dex+4 SInv} (You acquired it on level 11 of the Dungeon)
 18747 | D:11     | Received a gift from Okawaru
 18752 | D:11     | Noticed a frost giant
 18753 | D:11     | Slain by an ettin

Skill      XL: |  1  2  3  4  5  6  7  8  9 10 11 12 13 14 |
---------------+-------------------------------------------+-----
Armour         | 4 5 6 8 9 10 11 12 13 | 13.3
Fighting       | 4 5 6 8 9 10 11 12 13 | 13.4
Shields        | 4 5 6 8 9 10 11 | 11.6
Axes           | 3 4 5 6 7 8 10 11 12 13 | 13.9
Dodging        | 1 2 3 5 6 8 10 12 13 15 | 15.6
Stealth        | |  0.2

Action                   |  1- 3 |  4- 6 |  7- 9 | 10-12 | 13-15 || total
-------------------------+-------+-------+-------+-------+-------++-------
Melee: War axe           |    93 |   141 |   290 |   404 |    83 ||  1011
       Headbutt          |    16 |    24 |    62 |   116 |   154 ||   372
       Broad axe         |       |       |    23 |       |       ||    23
       Battleaxe         |       |       |       |       |   308 ||   308
Invok: Heroism           |       |       |       |     1 |       ||     1
Evoke: Wand              |       |       |     4 |       |       ||     4
  Use: Potion            |     3 |     7 |     4 |     5 |     7 ||    26
       Scroll            |     3 |     7 |    10 |    10 |    11 ||    41
  Eat: Chunk             |       |     5 |    15 |    20 |    15 ||    55
       Ration            |       |       |     1 |       |     1 ||     2
Armor: Scale mail        |    43 |     6 |       |       |       ||    49
       Chain mail        |       |    69 |   116 |    32 |   188 ||   405
       Plate armour      |       |       |    83 |   165 |       ||   248
Dodge: Dodged            |    32 |    52 |   165 |   216 |   405 ||   870
Block: Shield            |    54 |     6 |       |       |       ||    60
       Buckler           |       |    30 |   108 |   183 |    17 ||   338
       Rpst.: War axe    |       |       |       |    14 |    24 ||    38
       Battleaxe         |       |       |       |       |    65 ||    65
